 Dungeon Crawl Stone Soup version 0.31.0-32-g396128a36d (webtiles) character file.

Game seed: 16086687466192463901

88 Kaboulah the Covered (level 4, -1/37 HPs)
             Began as a Barachi Fighter on Mar 17, 2024.
             Incinerated by a bombardier beetle (4 damage)
             ... with a burning spray
             ... on level 3 of the Dungeon.
             The game lasted 00:20:20 (1866 turns).

Kaboulah the Covered (Barachi Fighter)              Turns: 1866, Time: 00:20:21

Health: -1/37      AC: 14    Str: 20    XL:     4   Next: 53%
Magic:  4/4        EV:  6    Int:  8    God:
Gold:   181        SH:  4    Dex: 11    Spells: 3/3 levels left

rFire   . . .        a - +0 long sword
rCold   . . .        c - +0 buckler
rNeg    . . .        l - +0 plate armour
rPois   .            (no helmet)
rElec   .            (no cloak)
rCorr   .            g - +0 pair of gloves
SInv    .            h - +0 pair of boots
Will    +....        (no amulet) Stlth
                     e - ring of willpower
HPRegen 0.26/turn    (no ring)
MPRegen 0.09/turn

%: no passive effects
@: on fire, unable to hop, glowing, slow
A: amphibious, slowness 1, strong legs 1, +LOS
a: Hop


You were on level 3 of the Dungeon.
You visited 1 branch of the dungeon, and saw 3 of its levels.

You collected 181 gold pieces.

Inventory:

Hand Weapons
 a - a +0 long sword (weapon)
Armour
 b - a +0 scale mail
 c - a +0 buckler (worn)
 g - a +0 pair of gloves (worn)
 h - a +0 pair of boots (worn)
 l - a +0 plate armour (worn)
Jewellery
 e - a ring of willpower (left hand)
Scrolls
 f - a scroll of identify {unknown}
 m - a scroll of revelation {unknown}
Potions
 d - a potion of might
 i - 2 potions of heal wounds {unknown}
 j - a potion of attraction {unknown}
 k - a potion of resistance {unknown}


   Skills:
 + Level 4.2 Fighting
 + Level 3.1 Long Blades
 + Level 4.2 Armour
 + Level 1.6 Dodging
 + Level 3.8 Shields
 + Level 0.9 Hexes
 + Level 0.2 Evocations


You had 3 spell levels left.
You didn't know any spells.
Your spell library contained the following spells:

 Spells                   Type           Power      Damage    Failure   Level
 Stone Arrow              Conj/Erth      0%         3d7       100%        3
 Tukima's Dance           Hex            1%         N/A       100%        3
 Animate Armour           Summ/Erth      0%         N/A       100%        4
 Dimensional Bullseye     Hex/Tloc       0%         N/A       100%        4
 Iskenderun's Mystic Bla  Conj/Tloc      0%         2d3       100%        4
 Lehudib's Crystal Spear  Conj/Erth      0%         10d2      100%        8


Dungeon Overview and Level Annotations

Branches:
Dungeon (3/15)

Altars:


Innate Abilities, Weirdness & Mutations

You are amphibious.
You cover ground slowly.
You can hop short distances.
You have an extended range of vision and can be seen from far away.


Message History

You closely miss the bombardier beetle.
The bombardier beetle is moderately wounded.
The liquid fire burns you! The orc hits you with a +0 dagger.
The bombardier beetle bites you but does no damage.
You hit the bombardier beetle but do no damage.
The bombardier beetle is moderately wounded.
The liquid fire burns you! The orc completely misses you.
The bombardier beetle bites you but does no damage.
You closely miss the bombardier beetle.
The bombardier beetle is moderately wounded.
The liquid fire burns you! The orc hits you with a +0 dagger.
You hit the bombardier beetle.
The bombardier beetle is heavily wounded.
The liquid fire burns you! The orc closely misses you.
The bombardier beetle sprays incendiary fluid at you.
The burning spray hits you.
You are even more covered in liquid fire!
You block the orc's attack.
You barely miss the bombardier beetle.
The bombardier beetle is heavily wounded.
The liquid fire burns you!
* * * LOW HITPOINT WARNING * * *
The orc hits you but does no damage.
The bombardier beetle bites you but does no damage.
Hop to where?
Press: ? - help, Q - select action Dir - move target Boing!
You shake off some of the fire as you move.
The liquid fire burns you!
* * * LOW HITPOINT WARNING * * *
You shake off some of the fire as you move.
The liquid fire burns you!
* * * LOW HITPOINT WARNING * * *
There is a stone staircase leading up here.
The liquid fire burns you!
You die...

## ##. ..## ## #....
.......#..##
#.##.###..#...#...
#................ #..
............
#..###..#.....#
#.............#
...........#.#
#.#.#oB..@...#...
#.#..............#
##.#<#.#....###..##
#.............. #
#........#$.....###..#
#..........#...... #
..........>......#.
.....#...$..#.......
............#....####


You could see a bombardier beetle and an orc.

Vanquished Creatures
  3 adders (D:2)
  6 dart slugs
  2 orcs (D:2)
  5 bats
  8 endoplasms
  3 giant cockroaches
  3 goblins
  4 hobgoblins (D:1)
  4 kobolds
  5 frilled lizards
  4 rats (D:2)
47 creatures vanquished.

Vanquished Creatures (others)
  A rat (D:1)
1 creature vanquished.

Grand Total: 48 creatures vanquished

Notes
Turn   | Place    | Note
-------+----------+-------------------------------------------
     0 | D:1      | Kaboulah the Barachi Fighter began the quest for the Orb.
     0 | D:1      | Reached XP level 1. HP: 18/18 MP: 1/1
    60 | D:1      | Reached XP level 2. HP: 22/25 MP: 2/2
   421 | D:1      | Reached skill level 1 in Dodging
   450 | D:1      | Reached XP level 3. HP: 30/30 MP: 3/3
  1149 | D:2      | Reached XP level 4. HP: 37/37 MP: 4/4
  1866 | D:3      | Incinerated by a bombardier beetle

Illustrated notes

Levels and vault maps discovered:
D:1:      dpeg_chamrin_arrival_tetris, layout_basic, serial_bayou_pond_c,
          hangedman_decor_growths, serial_bayou_lagoon_a, serial_park_tiny_1,
          minmay_hedge_maze
D:2:      layout_basic
D:3:      layout_basic, kennysheep_big_empty_room,
          nicolae_twisty_statue_hallways

Skill      XL: |  1  2  3 |
---------------+----------+-----
Dodging        | 1 |  1.6
Fighting       | 4 |  4.2
Long Blades    | 3 |  3.1
Armour         | 4 |  4.2
Shields        | |  3.8
Hexes          | |  0.9
Evocations     | |  0.2

Action                     |  1- 3 |  4- 6 || total
---------------------------+-------+-------++-------
  Melee: Long sword        |    91 |    51 ||   142
Ability: Hop               |     4 |     2 ||     6
 Armour: Scale mail        |    46 |       ||    46
         Plate armour      |    19 |    40 ||    59
  Dodge: Dodged            |    43 |    19 ||    62
  Block: Buckler           |    19 |    14 ||    33
